 Dungeon Crawl Stone Soup version 0.29.1-1-gd02db6906a (webtiles) character file.

Game seed: 16935877729826477555

1390 LabCoat the Cleaver (level 8, -4/106 HPs)
             Began as a Hill Orc Fighter on Sept 16, 2022.
             Was an Initiate of Trog.
             Slain by a troll (5 damage)
             ... on level 4 of the Dungeon.
             The game lasted 00:09:05 (4163 turns).

LabCoat the Cleaver (Hill Orc Fighter)              Turns: 4163, Time: 00:09:06

Health: -4/106     AC: 14    Str: 21    XL:     8   Next: 68%
Magic:  8/8        EV:  6    Int:  4    God:    Trog [......]
Gold:   274        SH:  5    Dex: 10    Spells: 7/7 levels left

rFire   . . .      SeeInvis .   a - +0 war axe (vorpal)
rCold   . . .      Faith    .   c - +0 buckler
rNeg    + + +      Spirit   .   l - +1 plate armour
rPois   +          Reflect  .   w - +0 helmet of Too Many Cooks {rPois rC- rN+++ Int-4}
rElec   .          Harm     .   (no cloak)
rCorr   .          Rampage  .   (no gloves)
Will    .....                   (no boots)
Stlth   ..........              (no amulet)
HPRegen 0.27/turn               m - ring of protection from cold
MPRegen 0.11/turn               (no ring)

@: berserking, very quick
A: no striking features
a: Renounce Religion


You were on level 4 of the Dungeon.
You worshipped Trog.
Trog was noncommittal.
You visited 1 branch of the dungeon, and saw 5 of its levels.

You collected 274 gold pieces.

Inventory:

Hand Weapons
 a - a +0 vorpal war axe (weapon)
 d - a +3 flail
Armour
 c - a +0 buckler (worn)
 l - a +1 plate armour (worn)
 w - the +0 helmet of Too Many Cooks (worn) {rPois rC- rN+++ Int-4}
   (You found it on level 4 of the Dungeon)

   Int:       It affects your intelligence (-4).
   rC:        It makes you vulnerable to cold.
   rPois:     It protects you from poison.
   rN:        It renders you almost immune to negative energy.
Jewellery
 g - an amulet of magic regeneration
 m - a ring of protection from cold (left hand)
Scrolls
 b - a scroll of summoning {unknown}
 e - a scroll of enchant weapon
 f - 2 scrolls of brand weapon
 i - 2 scrolls of enchant armour
 j - a scroll of amnesia {unknown}
 r - a scroll of fog {unknown}
 v - a scroll of blinking {unknown}
 x - a scroll of teleportation {unknown}
Potions
 h - a potion of berserk rage
 k - 2 potions of flight
 n - a potion of degeneration {unknown}
 o - a potion of haste {unknown}
 p - 2 potions of resistance {unknown}
 q - a potion of ambrosia {unknown}
 s - 2 potions of curing {unknown}
 t - a potion of attraction {unknown}
 u - a potion of might


   Skills:
 + Level 6.6 Fighting
 * Level 8.9 Axes
 + Level 6.0 Armour
 + Level 6.1 Shields


You had 7 spell levels left.
You didn't know any spells.
Your spell library contained the following spells:

 Spells                   Type           Power      Damage    Failure   Level
 Beastly Appendage        Tmut           0%         N/A       100%        1
 Freeze                   Ice            0%         1d3       100%        1
 Wereblood                Tmut           0%         N/A       100%        2
 Frozen Ramparts          Ice            0%         1d1       100%        3
 Gell's Gravitas          Tloc           0%         N/A       100%        3
 Lesser Beckoning         Tloc           0%         N/A       100%        3
 Portal Projectile        Hex/Tloc       0%         N/A       100%        3
 Spider Form              Tmut/Pois      0%         N/A       100%        3
 Teleport Other           Tloc           0%         N/A       100%        3
 Tukima's Dance           Hex            0%         N/A       100%        3
 Hailstorm                Conj/Ice       0%         3d3       100%        4
 Blade Hands              Tmut           0%         N/A       100%        5


Dungeon Overview and Level Annotations

Branches:
Dungeon (5/15)
 Temple: D:4-7

Altars:
Gozag
Trog

Shops:
D:2 (


Message History

* * * LOW HITPOINT WARNING * * *
You climb upwards.
Reactivating autopickup.
There is a stone staircase leading down here.
A red film seems to cover your vision as you go berserk!
You feel yourself moving faster!
You feel mighty! You block the troll's attack. The troll barely misses you.
The troll claws you!
* * * LOW HITPOINT WARNING * * *
You slash the troll!
The troll is moderately wounded.
You block the troll's attack. The troll claws you.
* * * LOW HITPOINT WARNING * * *
The troll claws you but does no damage.
You barely miss the troll.
The troll is moderately wounded.
The troll bites you but does no damage. The troll claws you but does no damage.
The troll claws you!
* * * LOW HITPOINT WARNING * * *
You closely miss the troll.
The troll is moderately wounded.
You closely miss the troll.
The troll is moderately wounded.
The troll barely misses you.
The troll claws you but does no damage. x2
You barely miss the troll.
The troll is moderately wounded.
The troll barely misses you. You block the troll's attack. x2
You hit the troll.
The troll is moderately wounded.
You barely miss the troll.
The troll is moderately wounded.
The troll bites you.
* * * LOW HITPOINT WARNING * * *
The troll claws you!
* * * LOW HITPOINT WARNING * * *
You block the troll's attack.
Unknown command.
You slash the troll!
The troll is heavily wounded.
The troll bites you but does no damage. The troll claws you.
You die...

#.###############.## #.# #.#
###### #.# #.# .....# #.# #.#
.....# ###.##### #.#
.....######.......# #.#
.<................####### #.#
...............T.)......# #.#
................@.#####.# #.#
...............[).# #.# #.#
.......####.......# #.# #.#
.........##.......# #.# #.#
.........##.......# #.# #.#
.........##.......# #.#####.#
........###.......#####.#.....#
............####........#.#####
........................#.#


You could see a troll.

Vanquished Creatures
  Pikel (D:4)
  Grinder (D:5)
  Menkaure (D:5)
  A lemure (D:4)
  2 phantoms (D:5)
  A bullfrog (D:4)
  A necrophage (D:3)
  A jelly (D:3)
  An orc priest (D:4)
  A hound (D:4)
  An iguana (D:4)
  Ijyb (D:5)
  An orc wizard (D:4)
  7 gnolls
  2 adders
  A worm (D:3)
  3 dart slugs
  4 orcs (D:4)
  5 endoplasms
  2 giant cockroaches
  3 hobgoblins
  2 jackals (D:2)
  2 quokkas
  7 ball pythons
  9 bats
  2 frilled lizards
  8 goblins
  10 kobolds
  4 rats
85 creatures vanquished.

Notes
Turn   | Place    | Note
-------+----------+-------------------------------------------
     0 | D:1      | LabCoat the Hill Orc Fighter began the quest for the Orb.
     0 | D:1      | Reached XP level 1. HP: 19/19 MP: 1/1
    46 | D:1      | Reached skill level 3 in Axes
    64 | D:1      | Reached XP level 2. HP: 27/27 MP: 2/2
   530 | D:1      | Reached XP level 3. HP: 33/33 MP: 3/3
   783 | D:2      | Found Seme's Weapon Shoppe.
   808 | D:2      | Found a faded altar of an unknown god.
  1462 | D:3      | Reached skill level 4 in Axes
  1462 | D:3      | Reached XP level 4. HP: 34/40 MP: 4/4
  1763 | D:3      | Noticed a necrophage
  1776 | D:3      | Killed a necrophage
  1777 | D:3      | Reached XP level 5. HP: 30/47 MP: 5/5
  2513 | D:4      | Reached skill level 5 in Axes
  2513 | D:4      | Reached XP level 6. HP: 39/53 MP: 6/6
  2745 | D:4      | Reached skill level 5 in Fighting
  2818 | D:4      | Found a bloodstained altar of Trog.
  2837 | D:4      | Became a worshipper of Trog the Wrathful
  2891 | D:4      | Found an opulent altar of Gozag.
  3102 | D:4      | Identified the +0 helmet of Too Many Cooks {rPois rC- rN+++
                  | Int-4}
  3361 | D:5      | Entered Level 5 of the Dungeon
  3361 | D:5      | Noticed Menkaure
  3364 | D:5      | Noticed Pikel
  3571 | D:5      | Reached skill level 6 in Axes
  3578 | D:4      | Killed Pikel
  3579 | D:4      | Reached skill level 7 in Axes
  3579 | D:4      | Reached skill level 5 in Armour
  3579 | D:4      | Reached skill level 5 in Shields
  3579 | D:4      | Reached XP level 7. HP: 32/62 MP: 7/7
  3579 | D:4      | Reached XP level 8. HP: 37/70 MP: 8/8
  3965 | D:5      | Killed Menkaure
  3966 | D:5      | Reached skill level 8 in Axes
  4093 | D:5      | Noticed Ijyb
  4109 | D:5      | Killed Ijyb
  4115 | D:5      | Noticed Grinder
  4131 | D:5      | Killed Grinder
  4133 | D:5      | Noticed a troll
  4133 | D:5      | Noticed a vampire
  4162 | D:4      | HP: 1/106 [troll (9)]
  4163 | D:4      | Slain by a troll

Illustrated notes

Levels and vault maps discovered:
D:1:      amcnicky_arrival_flooded_fountain, layout_basic, minmay_cut_off
D:2:      layout_basic, basic_ecumenical_altar, serial_shops, shop
D:3:      layout_basic
D:4:      layout_basic, mainiacjoe_overflow_brackets, grunt_gozag_statues
D:5:      layout_cave_pools, minmay_manual_moon, uniq_menkaure, uniq_ijyb,
          uniq_pikel, uniq_grinder

Skill      XL: |  1  2  3  4  5  6  7  8 |
---------------+-------------------------+-----
Axes           | 3 4 5 7 8 |  8.9
Fighting       | 4 5 6 |  6.6
Armour         | 4 5 6 |  6.0
Shields        | 4 5 6 |  6.1

Action                   |  1- 3 |  4- 6 |  7- 9 || total
-------------------------+-------+-------+-------++-------
Melee: War axe           |    89 |   126 |    46 ||   261
Throw: Throwing net      |       |       |     2 ||     2
  Use: Scroll            |     6 |     1 |       ||     7
       Potion            |       |     1 |     1 ||     2
Armor: Scale mail        |    12 |       |       ||    12
       Plate armour      |    42 |    84 |    32 ||   158
Dodge: Dodged            |    34 |    40 |    10 ||    84
Block: Buckler           |    32 |    24 |    17 ||    73
